 Dungeon Crawl Stone Soup version 0.31.0-32-g396128a36d (webtiles) character file.

Game seed: 4172839294333980401

28755 MollyMolluskus the Brawler (level 13, -4/98 HPs)
             Began as an Octopode Fighter on Mar 20, 2024.
             Was an Elder of Wu Jian.
             Splashed by a brown ugly thing's acid (9 damage)
             ... on level 12 of the Dungeon on Mar 22, 2024.
             The game lasted 00:57:30 (15176 turns).

MollyMolluskus the Brawler (Octopode Fighter)      Turns: 15176, Time: 00:57:31

Health: -4/98      AC:  1    Str: 26    XL:     13   Next: 40%
Magic:  13/13      EV: 21    Int: 10    God:    Wu Jian [****..]
Gold:   531        SH:  8    Dex: 18    Spells: 12/12 levels left

rFire   x x          .
                       - Unarmed
rCold   + + .        a - +3 buckler
rNeg    . . .        (helmet restricted)
rPois   .            (no amulet)
rElec   .            c - ring of flight
rCorr   .            o - +6 ring of strength
SInv    .            v - +6 ring of dexterity
Will    .....        m - ring of ice
Stlth   ++           B - ring of ice
HPRegen 0.36/turn    (no ring)
MPRegen 0.13/turn    (no ring)
                     (no ring)

%: no passive effects
@: in a heavenly storm, flying, glowing
A: almost no armour, amphibious, 8 rings, camouflage 1, gelatinous body 1,
(nimble swimmer 1), tentacles
a: Renounce Religion, Wall Jump, Serpent's Lash


You were on level 12 of the Dungeon.
You worshipped Wu Jian.
Wu Jian was greatly pleased with you.
You visited 2 branches of the dungeon, and saw 13 of its levels.
You also visited: Ice Cave.

You collected 778 gold pieces.
You spent 247 gold pieces at shops.

Inventory:

Hand Weapons
 A - a +5 dagger of venom
Missiles
 g - 53 poisoned darts (quivered)
 u - 4 javelins
 x - 4 boomerangs
 F - 3 throwing nets
Armour
 a - a +3 buckler (worn)
Jewellery
 c - a ring of flight (left tentacle)
 l - the amulet "Cogoakay" {Faith +Inv rC+ SInv}
   (You found it on level 12 of the Dungeon)

   [amulet of faith]

   Faith:     It allows you to gain divine favour quickly.
   rC+:       It protects you from cold.
   SInv:      It lets you see invisible.
   +Inv:      It lets you turn invisible.
 m - a ring of ice (on tentacle)
 o - a +6 ring of strength (right tentacle)
 v - a +6 ring of dexterity (on tentacle)
 B - a ring of ice (on tentacle)
Wands
 n - a wand of polymorph (2)
 s - a wand of roots (5)
 t - a wand of flame (28)
 w - a wand of quicksilver (5)
 G - a wand of paralysis (10)
Scrolls
 h - 3 scrolls of fear
 p - 2 scrolls of fog
 q - 4 scrolls of teleportation
 y - a scroll of enchant armour
 C - a scroll of identify
Potions
 b - 4 potions of might
 d - 2 potions of enlightenment
 e - 4 potions of haste
 f - 2 potions of invisibility
 i - a potion of curing
 j - a potion of heal wounds
 k - 2 potions of mutation
 r - a potion of attraction
 z - a potion of ambrosia
 D - a potion of experience


   Skills:
 + Level 12.4 Fighting
 - Level 8.0 Dodging
 - Level 4.0 Stealth
 - Level 4.0 Shields
 * Level 16.6 Unarmed Combat
 - Level 4.0 Evocations


You had 12 spell levels left.
You didn't know any spells.
Your spell library contained the following spells:

 Spells                   Type           Power      Damage    Failure   Level
 Apportation              Tloc           0%         N/A       41%         1
 Call Imp                 Summ           0%         N/A       56%         2
 Cigotuvi's Dreadful Rot  Necr/Alch/Air  0%         N/A       56%         2
 Jinxbite                 Hex            0%         N/A       56%         2
 Lesser Beckoning         Tloc           0%         N/A       56%         2
 Sublimation of Blood     Necr           0%         N/A       56%         2
 Gell's Gravitas          Tloc           0%         N/A       80%         3
 Hailstorm                Conj/Ice       0%         3d5       80%         3
 Inner Flame              Hex/Fire       0%         N/A       80%         3
 Summon Ice Beast         Ice/Summ       0%         N/A       80%         3
 Teleport Other           Tloc           0%         N/A       80%         3
 Flame Wave               Conj/Fire      0%         2d4       99%         4
 Ignite Poison            Fire/Alch      0%         N/A       99%         4
 Sticky Flame             Fire/Alch      0%         2d4       99%         4
 Alistair's Intoxication  Alch           0%         N/A       100%        5
 Freezing Cloud           Conj/Ice/Air   0%         6-21      100%        5
 Conjure Ball Lightning   Conj/Air       0%         3x3d6     100%        6
 Dispersal                Tloc           0%         N/A       100%        6
 Sculpt Simulacrum        Ice/Alch       0%         N/A       100%        6
 Summon Hydra             Summ           0%         N/A       100%        7
 Discord                  Hex            0%         N/A       100%        8
 Disjunction              Tloc           0%         N/A       100%        8


Dungeon Overview and Level Annotations

Branches:
Dungeon (12/15)            Temple (1/1) D:6            Lair (0/5) D:10
    Orc (0/2) D:11          IceCv (visited)

Altars:
Ashenzari
Cheibriados
Dithmenos
Elyvilon
Fedhas
Gozag
Hepliaklqana
Kikubaaqudgha
Makhleb
Nemelex Xobeh
Okawaru
Qazlal
Ru
Sif Muna
Trog
Uskayaw
Vehumet
Wu Jian
Xom
Yredelemnul
Zin
The Shining One

Shops:
D:2 =!   D:4 [   D:7 :   D:10 [   D:11 *   D:12 (


Innate Abilities, Weirdness & Mutations

You cannot wear most types of armour.
You are amphibious.
You can wear up to eight rings at the same time.
Your skin changes colour to match your surroundings (Stealth+).
Your rubbery body absorbs attacks. (AC +1, EV +1)
((You are camouflaged when in or above water. (Stealth+)))
You have tentacles for arms and can constrict up to eight enemies at once.


Message History

l - the amulet "Cogoakay" {Faith +Inv rC+ SInv} You hear an angry buzzing noise.
There is an open door here.
A queen bee comes into view.
The queen bee buzzes angrily.
The queen bee changes into a fire bat!
The fire bat barely misses you.
There is an open door here.
Unknown command.
The fire bat bites you.
You are engulfed in flames!
The fire burns you terribly!
C - a scroll of identify The fire bat misses you.
Unknown command.
You spin and attack the fire bat.
You barely miss the fire bat. You grab the fire bat.
You constrict the fire bat. The fire bat barely misses you.
The fire bat struggles to escape constriction. x2
Unknown command.
You release your grip on the fire bat.
You spin and attack the fire bat.
You batter the fire bat!!
You kill the fire bat!
The Council accepts your kill.
Unknown command.
There is an open door here.
You hear a shout!
You hear a horrible gurgling sound!
Found 13 gold pieces.
Found a potion of brilliance.
There is an open door here.
A death knight comes into view. It is wielding a +0 great sword.
The death knight moves out of view.
A brown ugly thing comes into view.
You spin and attack the death knight.
You barely miss the death knight. You grab the death knight.
You constrict the death knight.
The death knight hits you with a +0 great sword!!
* * * LOW HITPOINT WARNING * * *
The brown ugly thing tentacle-slaps you!
* * * LOW HITPOINT WARNING * * *
You are splashed with acid!
You die...

..#..#)#.#.#'#..#,,,,,,*#.....#.#
))#....#####....#,,,,,,*##....#.#
)))......#.)....#,,,,,,# #..>.#+#
.)#....#####....#,,,,,.# ###.....
☼§#..#○#○#☼###..#,,,,..# ##.....
☼☼####○.§#○○§####,,,...* ##≈≈≈...
°###,§○†§☼.☼○§.###,..,,###~≈≈≈≈..
'#☼###.°○#○°°###☼#§#,,,#....∩≈≈..
○○.○☼#'#°#○#'#☼§@u§###,#.#~≈~≈≈..
§○○☼○○.#####☼○○☼p§§..#*#.##≈≈≈...
○☼°☼○.§☼.#,§§○○§§§§###,.,*##.....
##☼☼..☼§.#.§☼☼○○§### *.,,,,+.....
*###.....#...$.### *,****#.....
,,,*##...#...### *,* #..... **,*
*##.#!### *,*####.....
,,,*****###* *********,*#......##
,,,+,,,,* ***,,,..,,,,,+......#


You could see a death knight and a brown ugly thing.

Vanquished Creatures
  The ghost of RandomusNamus the Bludgeoner, a journeyman FoFi of Gozag (D:11)
  An ogre mage (D:12)
  2 centaur warriors (D:12)
  4 two-headed ogres (D:12)
  2 boulder beetles
  A tengu warrior (D:12)
  2 bog bodies (IceCv)
  A deep elf pyromancer (D:12)
  2 manticores (D:12)
  An ugly thing (D:12)
  Maurice (D:7)
  A meliai (D:11)
  An ice statue (IceCv)
  4 gargoyles (D:12)
  2 rime drakes (D:12)
  An unseen horror (D:12)
  2 anaconda simulacra (IceCv)
  An ice devil (IceCv)
  3 kobold demonologists (D:11)
  A komodo dragon (D:10)
  6 trolls
  A slime creature (D:11)
  4 shadows
  3 vampires
  2 dire elephant simulacra (IceCv)
  2 wraiths (D:12)
  A wyvern (D:9)
  20 yaks
  A fire bat (shapeshifter) (D:12)
  A steam dragon (D:9)
  2 vampire mosquitoes
  5 death yak simulacra (IceCv)
  A harpy simulacrum (IceCv)
  An acid dragon (D:4)
  A water moccasin (D:6)
  7 orc warriors
  A sky beast (D:6)
  2 ice beasts
  2 black bears
  A laughing skull (D:12)
  5 centaurs
  3 ogres (D:7)
  3 phantoms
  7 kobold brigands
  4 bullfrogs
  3 gnoll sergeants
  6 two-headed ogre simulacra (IceCv)
  2 cane toad simulacra (IceCv)
  2 scorpions
  3 wights (D:8)
  32 killer bees
  2 elephant simulacra (IceCv)
  9 howler monkeys
  A hound (D:5)
  A bombardier beetle (D:3)
  A jelly (D:8)
  9 orc priests
  2 gnoll boudas
  4 iguanas
  20 orc wizards
  2 polar bear simulacra (IceCv)
  7 troll simulacra (IceCv)
  3 spriggan simulacra (IceCv)
  A wolf simulacrum (IceCv)
  26 gnolls
  3 adders
  4 naga simulacra (IceCv)
  5 white imps (IceCv)
  6 ufetubi
  A dart slug (D:1)
  A ribbon worm (D:5)
  40 orcs
  4 bats
  6 endoplasms
  3 giant cockroaches
  6 goblins
  6 hobgoblins
  4 jackals (D:3)
  6 quokkas
  6 ball pythons
  11 frilled lizards (D:1)
  17 kobolds
  A rat (D:1)
386 creatures vanquished.

Vanquished Creatures (collateral kills)
  A white imp (D:7)
1 creature vanquished.

Grand Total: 387 creatures vanquished

Notes
Turn   | Place    | Note
-------+----------+-------------------------------------------
     0 | D:1      | MollyMolluskus the Octopode Fighter began the quest for the
                  | Orb.
     0 | D:1      | Reached XP level 1. HP: 16/16 MP: 1/1
    98 | D:1      | Reached XP level 2. HP: 16/21 MP: 2/2
   404 | D:1      | Reached skill level 1 in Stealth
   473 | D:1      | Reached XP level 3. HP: 19/26 MP: 3/3
   523 | D:1      | Found a faded altar of an unknown god.
  1046 | D:2      | Found Weiph's Jewellery Emporium.
  1062 | D:2      | Found Bikul's Distillery.
  1083 | D:2      | Bought a potion of curing for 39 gold pieces
  2270 | D:3      | Noticed a phantom
  2290 | D:3      | Killed a phantom
  2291 | D:3      | Reached skill level 3 in Unarmed Combat
  2291 | D:3      | Reached XP level 4. HP: 9/31 MP: 4/4
  2291 | D:3      | Reached XP level 5. HP: 10/36 MP: 5/5
  2829 | D:2      | Bought a potion of heal wounds for 65 gold pieces
  2956 | D:4      | Reached XP level 6. HP: 43/43 MP: 6/6
  3030 | D:4      | Reached skill level 4 in Unarmed Combat
  3188 | D:4      | Found Rac Cabb's Antique Armour Shoppe.
  3245 | D:4      | Noticed an acid dragon
  3254 | D:4      | Killed an acid dragon
  3255 | D:4      | Reached XP level 7. HP: 15/48 MP: 7/7
  4071 | D:2      | Bought a potion of attraction for 39 gold pieces
  4152 | D:5      | Entered Level 5 of the Dungeon
  4241 | D:5      | Found a sacrificial altar of Ru.
  4242 | D:5      | Found a hazy altar of Hepliaklqana.
  4320 | D:5      | Reached skill level 5 in Unarmed Combat
  4668 | D:5      | Reached XP level 8. HP: 31/54 MP: 8/8
  4914 | D:2      | Bought a potion of lignification for 39 gold pieces
  5238 | D:5      | Reached skill level 5 in Fighting
  5238 | D:5      | Reached skill level 6 in Unarmed Combat
  5439 | D:5      | Found a glowing silver altar of Zin.
  5494 | D:6      | Reached skill level 5 in Dodging
  5619 | D:6      | Found a staircase to the Ecumenical Temple.
  5658 | Temple   | Entered the Ecumenical Temple
  5667 | Temple   | Became a worshipper of the Wu Jian Council
  5726 | D:6      | Reached skill level 7 in Unarmed Combat
  6251 | D:7      | Noticed Maurice
  6261 | D:7      | Reached XP level 9. HP: 62/62 MP: 9/9
  6282 | D:7      | Maurice stole 68 gold
  6289 | D:7      | Killed Maurice
  6290 | D:7      | Reached skill level 8 in Unarmed Combat
  6579 | D:7      | Found a white marble altar of Elyvilon.
  6694 | D:7      | Reached * piety under Wu Jian
  6816 | D:7      | Found Dot Qiapsush's Book Boutique.
  7133 | D:8      | Reached skill level 9 in Unarmed Combat
  7335 | D:8      | Reached ** piety under Wu Jian
  7340 | D:8      | Reached XP level 10. HP: 38/71 MP: 10/10
  7848 | D:8      | Reached skill level 10 in Unarmed Combat
  8190 | D:8      | You are sucked into a shaft and drop 2 floors!
  8190 | D:10     | Entered Level 10 of the Dungeon
  9069 | D:9      | Reached skill level 11 in Unarmed Combat
  9069 | D:9      | Reached skill level 1 in Evocations
  9341 | D:9      | Reached XP level 11. HP: 78/78 MP: 11/11
 10341 | D:10     | Reached skill level 12 in Unarmed Combat
 10420 | D:10     | Found a staircase to the Lair.
 10590 | D:10     | Found Syus's Armour Boutique.
 10614 | D:10     | Reached *** piety under Wu Jian
 10939 | D:11     | Noticed a boulder beetle
 10949 | D:11     | Killed a boulder beetle
 11202 | D:11     | Found a staircase to the Orcish Mines.
 11540 | D:11     | Found a runed translucent gate.
 11541 | D:11     | Found a runed translucent gate.
 11541 | D:11     | Noticed RandomusNamus's ghost (journeyman FoFi)
 11542 | D:11     | Found a runed translucent gate.
 11701 | D:11     | Reached skill level 13 in Unarmed Combat
 12129 | D:11     | Reached skill level 10 in Fighting
 12354 | D:11     | Found Kovan's General Store.
 12357 | D:11     | Bought a potion of lignification for 39 gold pieces
 12357 | D:11     | Bought a scroll of identify for 26 gold pieces
 12444 | D:11     | Reached XP level 12. HP: 87/87 MP: 12/12
 12453 | D:11     | Killed RandomusNamus's ghost
 12467 | D:11     | Reached skill level 14 in Unarmed Combat
 12543 | D:12     | Found Vibe's Antique Weapon Shoppe.
 12563 | D:12     | Reached **** piety under Wu Jian
 12576 | D:12     | Found a frozen archway.
 12584 | IceCv    | Entered an ice cave
 13900 | IceCv    | Reached ***** piety under Wu Jian
 13901 | IceCv    | Reached skill level 15 in Unarmed Combat
 14584 | D:12     | Noticed a two-headed ogre
 14584 | D:12     | Noticed a two-headed ogre
 14588 | D:12     | Killed a two-headed ogre
 14590 | D:12     | Killed a two-headed ogre
 14785 | D:12     | Noticed a two-headed ogre
 14785 | D:12     | Noticed a two-headed ogre
 14794 | D:12     | Reached XP level 13. HP: 78/96 MP: 13/13
 14798 | D:12     | Reached skill level 16 in Unarmed Combat
 15153 | D:12     | Identified the amulet "Cogoakay" {Faith +Inv rC+ SInv}
 15176 | D:12     | Splashed by a brown ugly thing's acid

Illustrated notes

Levels and vault maps discovered:
D:1:      hellmonk_arrival_library, layout_basic,
          hellmonk_ecumenical_altar_crossroads, minmay_lizard_pond
D:2:      layout_basic, serial_shops, shop, shop, minivault_26,
          hex_intersection, nicolae_figureground_pulse
D:3:      layout_basic
D:4:      layout_loops_ring, serial_shops, nicolae_shop_waterfront,
          hangedman_decor_points, amcnicky_mini_corridor_feature,
          roderic_serpentine_path
D:5:      layout_cave_pods, mainiacjoe_overflow_alcove_4,
          mainiacjoe_overflow_divided_tiny, kennysheep_decorative_pillar,
          minmay_fountain_box
D:6:      layout_cave_pools, minmay_temple_entry_wispy
D:7:      layout_rooms, mainiacjoe_overflow_catwalk, serial_shops,
          nicolae_shop_hallway_stairs, grunt_decor_resistance,
          kennysheep_generic_room_8, uniq_maurice
D:8:      layout_basic, kennysheep_nondescript
D:9:      layout_rooms, minmay_quadrilaterals
D:10:     cheibrodos_iron_armory, layout_cave_pools, david_lair_shrubbed,
          serial_shops, kennysheep_mini, dreamdust_princess_corridor
D:11:     layout_cross, erik_orc_4, gammafunk_ghost_nasty_kobolds, serial_shops,
          kennysheep_mini_moat, minmay_microvault
D:12:     nicolae_hexawheel, layout_basic, portal_ice_cave_rime, serial_shops,
          nicolae_shop_waterfront, nicolae_ru_sacrificial_ziggurat
Temple:   regret_index_temple_mists

Skill      XL: |  1  2  3  4  5  6  7  8  9 10 11 12 13 |
---------------+----------------------------------------+-----
Stealth        | 1 2 3 4 |  4.0
Unarmed Combat | 3 4 5 7 9 11 13 15 16 | 16.6
Fighting       | 4 6 7 8 10 11 12 | 12.4
Dodging        | 4 5 7 8 |  8.0
Shields        | 4 |  4.0
Evocations     | 2 4 |  4.0

Action                     |  1- 3 |  4- 6 |  7- 9 | 10-12 | 13-15 || total
---------------------------+-------+-------+-------+-------+-------++-------
  Melee: Unarmed           |    56 |    66 |   265 |   536 |    57 ||   980
         Constrict         |    16 |    17 |    51 |    73 |    10 ||   167
         Tentacles         |    10 |    17 |    51 |   118 |    17 ||   213
         Mace              |    24 |       |       |       |       ||    24
         Punch             |     1 |       |    14 |    50 |     7 ||    72
  Throw: Stone             |     1 |       |       |       |       ||     1
         Dart              |       |     4 |    15 |    11 |       ||    30
         Boomerang         |       |       |       |     6 |       ||     6
         Javelin           |       |       |       |     3 |       ||     3
 Invoke: Serpent's Lash    |       |       |       |       |     1 ||     1
         Heavenly Storm    |       |       |       |       |     1 ||     1
Ability: Lunge             |       |       |    16 |    78 |     7 ||   101
         Whirlwind         |       |       |       |    42 |    21 ||    63
         Wall Jump         |       |       |       |    26 |     2 ||    28
  Evoke: Wand              |       |       |     1 |    10 |       ||    11
    Use: Scroll            |    10 |     3 |     5 |    13 |     1 ||    32
         Potion            |     1 |     1 |     2 |    11 |     2 ||    17
   Stab: Sleeping          |     3 |     4 |    10 |    14 |       ||    31
         Distracted        |       |       |       |     3 |       ||     3
         Paralysed         |       |       |       |     6 |       ||     6
 Armour: Skin              |    30 |    16 |    94 |   143 |    18 ||   301
  Dodge: Dodged            |    39 |    26 |    87 |   185 |    25 ||   362
  Block: Buckler           |    15 |    14 |    62 |   112 |    15 ||   218
